 Dungeon Crawl Stone Soup version 0.30-a0-1164-ge08a67761e (webtiles) character file.

Game seed: 17550855869196041387

3558 graymark the Blocker (level 9, -4/123 HPs)
             Began as a Minotaur Fighter on Apr 29, 2023.
             Was a Believer of Ashenzari.
             Succumbed to a gnoll's poison
             ... on level 8 of the Dungeon.
             The game lasted 00:11:55 (6277 turns).

graymark the Blocker (Minotaur Fighter)             Turns: 6277, Time: 00:11:56

Health: -4/123     AC: 10    Str: 24    XL:     9   Next: 83%
Magic:  8/8        EV: 13    Int:  2    God:    Ashenzari [**....]
Gold:   78         SH:  7    Dex: 17    Spells: 8/8 levels left

rFire   . . .        a - +0 war axe
rCold   + . .        c - +0 buckler
rNeg    . . .        b - +0 scale mail
rPois   .            (helmet restricted)
rElec   .            h - +0 cloak of the Eternal Augurer {Evo, Elem} (curse)
rCorr   .            (no gloves)
SInv    +            (no boots)
Will    ++...        o - necklace of Bloodlust {Fury *Rage Will++ Int-3 Slay+6} Stlth
                     y - ring of Apeoromancy {Dex+6, Bglg, Fort} (curse)
HPRegen 0.40/turn    E - ring of Ashenzari's Anxiety {rC+, Elem, Fort} (curse)
MPRegen 0.11/turn

%: random rage (50%)
@: berserking, lethally poisoned (-4 -> -39), very quick
A: horns 2, retaliatory headbutt
a: Renounce Religion, Curse Item, Shatter the Chains


You were on level 8 of the Dungeon.
You worshipped Ashenzari.
Ashenzari was pleased with you.
You visited 2 branches of the dungeon, and saw 9 of its levels.

You collected 292 gold pieces.
You spent 214 gold pieces at shops.

Inventory:

Hand Weapons
 a - a +0 war axe (weapon)
 j - a +3 sling
Armour
 b - a +0 scale mail (worn)
 c - a +0 buckler (worn)
 h - the cursed +0 cloak of the Eternal Augurer (worn) {Evo, Elem}
   (You found it on level 1 of the Dungeon)

   It has a curse which improves the following skills: Evocations: Evocations.
   Elements:  Fire Magic, Ice Magic, Air Magic and Earth Magic.
 u - a +0 chain mail
Jewellery
 i - a ring of positive energy
 o - the necklace of Bloodlust (around neck) {Fury *Rage Will++ Int-3 Slay+6}
   (You took it off a goblin on level 2 of the Dungeon)

   [amulet of nothing]

   Fury:      It extends the wearer's berserk rage when killing foes.
   Int:       It affects your intelligence (-3).
   Slay:      It affects your accuracy & damage with ranged weapons and melee
   (+6).
   *Rage:     It berserks you when you make melee attacks (+50% chance).
   Will:      It greatly increases your willpower.
 q - an amulet of guardian spirit
 y - the cursed ring of Apeoromancy (left hand) {Dex+6, Bglg, Fort}
   (You found it on level 5 of the Dungeon)

   [ring of dexterity]

   Dex:       It affects your dexterity (+6).
   It has a curse which improves the following skills: Beguiling: Conjurations,
   Hexes and Translocations.
   Fortitude: Armour and Shields.
 E - the cursed ring of Ashenzari's Anxiety (right hand) {rC+, Elem, Fort}
   (You found it on level 6 of the Dungeon)

   [ring of protection from cold]

   rC:        It protects you from cold.
   It has a curse which improves the following skills: Elements: Fire Magic, Ice
   Magic, Air Magic and Earth Magic.
   Fortitude: Armour and Shields.
 G - a +4 ring of protection
Wands
 d - a wand of polymorph (1)
 s - a wand of iceblast (7)
 B - a wand of charming (10)
Scrolls
 l - a scroll of enchant weapon
 n - 3 scrolls of immolation
 p - 2 scrolls of brand weapon
 r - 5 scrolls of teleportation
 t - 2 scrolls of blinking
 x - a scroll of vulnerability
 z - a scroll of identify
 D - a scroll of magic mapping
Potions
 e - a potion of haste
 f - 5 potions of curing
 g - 2 potions of brilliance
 k - 2 potions of berserk rage
 m - a potion of resistance
 v - a potion of mutation
 w - a potion of ambrosia
 A - 2 potions of might
 C - a potion of heal wounds
 F - a potion of flight


   Skills:
 + Level 8.4 Fighting
 + Level 8.0 Axes
 + Level 8.4(10.1) Armour
 + Level 6.7 Dodging
 + Level 8.4(10.2) Shields


You had 8 spell levels left.
You didn't know any spells.
Your spell library contained the following spells:

 Spells                   Type           Power      Damage    Failure   Level
 Summon Small Mammal      Summ           0%         N/A       83%         1
 Call Canine Familiar     Summ           0%         N/A       99%         3
 Dazzling Flash           Conj/Hex       0%         N/A       99%         3
 Summon Guardian Golem    Hex/Summ       0%         N/A       99%         3
 Volatile Blastmotes      Fire/Tloc      0%         2d10      99%         3
 Anguish                  Hex/Necr       0%         N/A       100%        4
 Cause Fear               Hex            0%         N/A       100%        4
 Iskenderun's Mystic Bla  Conj/Tloc      0%         2d3       100%        4
 Fireball                 Conj/Fire      0%         3d3       100%        5
 Iskenderun's Battlesphe  Conj           0%         2d6       100%        5
 Conjure Ball Lightning   Conj/Air       0%         3x3d6     100%        6
 Starburst                Conj/Fire      0%         6d3       100%        6
 Enfeeble                 Hex            0%         N/A       100%        7
 Orb of Destruction       Conj           0%         9d5       100%        7


Dungeon Overview and Level Annotations

Branches:
Dungeon (8/15)             Temple (1/1) D:5
   Lair: D:8-11

Altars:
Ashenzari
Dithmenos
Elyvilon
Hepliaklqana
Kikubaaqudgha
Makhleb
Nemelex Xobeh
Okawaru
Qazlal
Ru
Sif Muna
Trog
Uskayaw
Wu Jian
Yredelemnul

Shops:
D:7 *

Annotations:
D:3 3 runed translucent doors, exclusions: 3 doors and downstairs, Xtruder99's ghost, amateur OpTm


Innate Abilities, Weirdness & Mutations

You have a pair of horns on your head.
You reflexively headbutt those who attack you in melee.


Message History

* * * LOW HITPOINT WARNING * * *
You block the gnoll's attack.
The gnoll bouda calls upon its god to heal the gnoll.
The gnoll is healed somewhat.
The gnoll hits you but does no damage.
You are more poisoned.
Your Axes skill increases to level 8!
You are too injured to fight recklessly!
You barely miss the gnoll. Your headbutt misses the gnoll.
The gnoll is moderately wounded.
You slash the gnoll bouda! You closely miss the bullfrog.
* * * LOW HITPOINT WARNING * * *
You feel very sick. The bullfrog barely misses you. The gnoll misses you.
The gnoll hits you but does no damage. The gnoll bouda barely misses you.
The gnoll hits you but does no damage.
You are more poisoned.
You are too injured to fight recklessly!
You slash the gnoll!
You kill the gnoll!
You slash the gnoll bouda!
You kill the gnoll bouda!
You barely miss the bullfrog.
* * * LOW HITPOINT WARNING * * *
You feel extremely sick. The bullfrog hits you.
* * * LOW HITPOINT WARNING * * *
You block the bullfrog's attack.
You are too injured to fight recklessly!
You are too berserk!
* * * LOW HITPOINT WARNING * * *
You feel very sick. The gnoll hits you but does no damage.
You are more poisoned.
The gnoll closely misses you. The bullfrog misses you.
Items here: )) †††.
You closely miss the bullfrog.
The bullfrog is severely wounded.
You slice the gnoll!!
You kill the gnoll!
You die...

# , * ,.. ## #.,# ,.##...
,, .#.##. *,..#.. . ,, ,
)..... ,,.... .. *,,
......# ..# ... ...
......?##g.#........ , ,
.......))).........,,
........@..#*,<..# ,
,........F### ##.## * *
.........#.###...# ..
.................####..*,
*
.......##..............#
.###...................##
, #....................#
, .......................
........................


You could see a bullfrog and a gnoll (swift).

Vanquished Creatures
  Pikel (D:5)
  Grinder (D:5)
  Sigmund (D:4)
  A wyvern (D:8)
  A human (D:6)
  2 ice beasts (D:6)
  An orc warrior (D:7)
  A sky beast (D:6)
  2 black bears (D:7)
  2 ogres
  A centaur (D:8)
  A phantom (D:4)
  3 lemures (D:5)
  3 bullfrogs
  A gnoll sergeant (D:6)
  4 scorpions
  4 wights (D:7)
  3 howler monkeys (D:7)
  4 hounds
  A jelly (D:7)
  A gnoll bouda (D:8)
  2 orc priests
  2 iguanas
  A sleepcap (D:7)
  3 orc wizards
  Robin (D:4)
  10 adders
  10 gnolls
  3 shadow imps
  2 worms
  4 dart slugs
  14 orcs
  5 ball pythons
  5 endoplasms
  A giant cockroach (D:3)
  12 goblins
  14 hobgoblins
  2 jackals (D:2)
  4 quokkas
  2 bats (D:1)
  3 frilled lizards
  A goblin skeleton (D:6)
  A goblin zombie (D:6)
  8 kobolds
  4 rats
153 creatures vanquished.

Vanquished Creatures (others)
  A goblin (D:4)
  5 fungi (D:2)
6 creatures vanquished.

Grand Total: 159 creatures vanquished

Notes
Turn   | Place    | Note
-------+----------+-------------------------------------------
     0 | D:1      | graymark the Minotaur Fighter began the quest for the Orb.
     0 | D:1      | Reached XP level 1. HP: 19/19 MP: 0/0
   294 | D:1      | Reached XP level 2. HP: 17/27 MP: 1/1
   586 | D:2      | Reached skill level 1 in Dodging
   595 | D:2      | Reached XP level 3. HP: 33/33 MP: 2/2
  1198 | D:3      | Found a runed translucent gate.
  1198 | D:3      | Found a runed translucent gate.
  1198 | D:3      | Found a runed translucent gate.
  1222 | D:3      | Noticed Xtruder99's ghost (amateur OpTm)
  1257 | D:3      | Reached XP level 4. HP: 40/40 MP: 3/3
  1573 | D:3      | Found a broken altar of Ashenzari.
  1606 | D:3      | Became a worshipper of Ashenzari the Shackled
  1811 | D:4      | Noticed a scorpion
  1817 | D:4      | Killed a scorpion
  1818 | D:4      | Reached XP level 5. HP: 37/47 MP: 4/4
  2008 | D:4      | Found a white marble altar of Elyvilon.
  2039 | D:4      | Noticed Robin
  2057 | D:4      | Killed Robin
  2183 | D:4      | Noticed a phantom
  2189 | D:4      | Noticed Sigmund
  2244 | D:4      | Killed a phantom
  2245 | D:4      | Reached XP level 6. HP: 47/55 MP: 5/5
  2333 | D:4      | Identified the cursed +0 cloak of the Eternal Augurer {Evo,
                  | Elem} (You found it on level 1 of the Dungeon)
  2561 | D:4      | Reached skill level 5 in Shields
  2917 | D:4      | Killed Sigmund
  2918 | D:4      | Reached skill level 5 in Fighting
  2918 | D:4      | Reached skill level 5 in Armour
  2966 | D:5      | Entered Level 5 of the Dungeon
  2974 | D:5      | Reached XP level 7. HP: 61/61 MP: 6/6
  3051 | D:5      | Found a staircase to the Ecumenical Temple.
  3070 | Temple   | Entered the Ecumenical Temple
  3142 | D:5      | Reached * piety under Ashenzari
  3339 | D:5      | Noticed Pikel
  3344 | D:5      | Killed Pikel
  3345 | D:5      | Reached skill level 5 in Axes
  3345 | D:5      | Reached XP level 8. HP: 70/70 MP: 7/7
  3347 | D:5      | Noticed Grinder
  3360 | D:5      | Killed Grinder
  3508 | D:5      | Reached skill level 5 in Dodging
  3692 | D:5      | Found an ornate altar of the Wu Jian Council.
  4173 | D:6      | Reached XP level 9. HP: 60/79 MP: 8/8
  4242 | D:6      | Found a stormy altar of Qazlal.
  4378 | D:6      | Found a runed translucent door.
  4472 | D:6      | Found a shimmering blue altar of Sif Muna.
  4822 | D:6      | Reached ** piety under Ashenzari
  4927 | D:6      | Found a basalt altar of Yredelemnul.
  5000 | D:7      | Found a hazy altar of Hepliaklqana.
  5001 | D:7      | Found a sparkling altar of Nemelex Xobeh.
  5480 | D:7      | Found Ywkutsoi's General Store.
  5489 | D:7      | Bought a scroll of teleportation for 39 gold pieces
  5489 | D:7      | Bought a potion of curing for 39 gold pieces
  5489 | D:7      | Bought a scroll of blinking for 97 gold pieces
  5489 | D:7      | Bought a scroll of teleportation for 39 gold pieces
  5532 | D:7      | Found a burning altar of Makhleb.
  6275 | D:8      | HP: 6/123 [poisoned by a gnoll]
  6276 | D:8      | HP: 2/123 [poisoned by a gnoll]
  6277 | D:8      | Succumbed to a gnoll's poison

Illustrated notes

Levels and vault maps discovered:
D:1:      lightli_arrival_chessboard, layout_rooms
D:2:      minmay_inner_zag, layout_loops_cross, dreamdust_mushroom_princess
D:3:      layout_rooms, ashenzari_conservatory_becter,
          gammafunk_ghost_necromancy
D:4:      layout_basic, nicolae_elyvilon_peaceful_grove, uniq_sigmund,
          uniq_robin
D:5:      layout_loops_ring, pdpol_wu_jian_five_deadly_venoms,
          minmay_temple_entry_crystal_x, uniq_grinder, uniq_pikel
D:6:      layout_basic, lemuel_blue_sif_altar, nicolae_qazlal_beasts_of_the_sky,
          dk_yredelemnul_ordeal, minmay_misc_feat_nine_boxes,
          minmay_misc_feat_alley, minmay_misc_feat_secret_circle
D:7:      layout_loops_corners, mainiacjoe_overflow_divided_tiny,
          kennysheep_mini_moat, serial_shops, nicolae_square_shop
D:8:      layout_cave_pools, gammafunk_temple_overflow_forgotten
Temple:   eino_temple_lava

Skill      XL: |  1  2  3  4  5  6  7  8  9 |
---------------+----------------------------+-----
Dodging        | 1 2 3 4 5 6 |  6.7
Shields        | 4 5 6 7 8 |  8.4
Fighting       | 4 5 6 7 8 |  8.4
Armour         | 4 5 6 7 8 |  8.4
Axes           | 3 4 5 6 8 |  8.0

Action                     |  1- 3 |  4- 6 |  7- 9 || total
---------------------------+-------+-------+-------++-------
  Melee: War axe           |    79 |    95 |   198 ||   372
         Headbutt          |     8 |     8 |    38 ||    54
 Invoke: Curse Item        |       |     1 |     2 ||     3
    Use: Scroll            |     3 |     1 |       ||     4
         Potion            |       |     1 |       ||     1
 Armour: Scale mail        |    43 |    51 |    80 ||   174
  Dodge: Dodged            |    30 |    56 |   102 ||   188
  Block: Buckler           |    14 |    17 |    65 ||    96

Table legend: (Time is in decaauts)
 A = Elapsed time spent in this place.
 B = Non-inter-level travel time spent in this place.
 C = Inter-level travel time spent in this place.
 D = Time resting spent in this place.
 E = Time spent auto-exploring this place.
 F = Levels seen in this place.
 G = Mean time per level.
                   A        B        C        D        E       F      G
               +--------+--------+--------+--------+--------+-----+--------+
         Total |   6436 |   6241 |    195 |    403 |   4605 |   9 |  715.1 |
       Dungeon |   6434 |   6239 |    195 |    403 |   4605 |   8 |  804.2 |
        Temple |      2 |      2 |      0 |      0 |      0 |   1 |    2.0 |
               +--------+--------+--------+--------+--------+-----+--------+

Top non-repeatable levels by time:
     D:7: 1259 daAuts
     D:4: 1241 daAuts
     D:6: 1171 daAuts
     D:5: 944 daAuts
     D:2: 620 daAuts
     D:3: 604 daAuts
     D:1: 532 daAuts
     D:8: 60 daAuts
  Temple: 2 daAuts
